 Dungeon Crawl Stone Soup version 0.28-a0-1510-gd0f6b136d3 (webtiles) character file.

Game seed: 831300463851351796

427 Shayle the Skirmisher (level 7, -1/53 HPs)
             Began as a Djinni Warper on Jan 16, 2022.
             Slain by an ice beast (18 damage)
             ... on level 4 of the Dungeon.
             The game lasted 00:06:06 (3917 turns).

Shayle the Skirmisher (Djinni Warper)               Turns: 3917, Time: 00:06:07

Health: -1/53      AC:  4    Str: 10    XL:     7   Next: 18%
Gold:   124        EV: 11    Int: 22    God:
                   SH:  0    Dex: 13

rFire   + + .      SeeInvis .   h - +2 hand axe (distort)
rCold   x . .      Faith    .   (no shield)
rNeg    . . .      Spirit   .   a - +1 leather armour
rPois   ∞          Reflect  .   (no helmet)
rElec   .          Harm     .   (no cloak)
rCorr   .          Rampage  .   (no gloves)
Will    .....                   (boots unavailable)
Stlth   ++........              (no amulet)
HPRegen 0.17/turn               m - +6 ring of intelligence
MPRegen 0.00/turn               (no ring)

@: flying
A: sickness immunity, fire resistance 2, cold vulnerability 1, float, innate
caster, hp casting, extra vitality 1
a: no special abilities


You were on level 4 of the Dungeon.
You visited 1 branch of the dungeon, and saw 4 of its levels.

You collected 124 gold pieces.

Inventory:

Hand Weapons
 c - a +2 dagger of venom
 h - a +2 hand axe of distortion (weapon)
Armour
 a - a +1 leather armour (worn)
 i - a +0 pair of gloves
Jewellery
 m - a +6 ring of intelligence (left hand)
Scrolls
 b - 4 scrolls of blinking
 d - 3 scrolls of identify {unknown}
 f - 2 scrolls of enchant armour
 g - 3 scrolls of teleportation {unknown}
 j - 5 scrolls of fear {unknown}
 k - a scroll of amnesia {unknown}
 l - a scroll of acquirement {unknown}
Potions
 e - a potion of curing {unknown}
 n - a potion of lignification {unknown}


   Skills:
 + Level 4.4 Fighting
 - Level 0.7 Throwing
 - Level 1.0 Armour
 - Level 2.1 Dodging
 + Level 3.4 Stealth
 + Level 4.3 Unarmed Combat
 - Level 2.4 Spellcasting


You couldn't memorise any spells.
You knew the following spells:

 Your Spells              Type           Power      Damage    Failure   Level
a - Blink                 Tloc           26%        N/A       10%         2
b - Lesser Beckoning      Tloc           13%        N/A       21%         3
c - Gell's Gravitas       Tloc           13%        N/A       21%         3
d - Teleport Other        Tloc           13%        N/A       21%         3
e - Manifold Assault      Tloc           13%        N/A       88%         5
f - Animate Skeleton      Necr           26%        N/A       7%          1
g - Wereblood             Tmut           13%        N/A       10%         2
h - Stone Arrow           Conj/Erth      26%        3d8       21%         3
Your spell library was empty.

Dungeon Overview and Level Annotations

Branches:
Dungeon (4/15)
 Temple: D:4-7

Altars:
Zin


Innate Abilities, Weirdness & Mutations

You are immune to sickness and miasma.
You are immune to poison.
Your flesh is very heat resistant. (rF++)
You are vulnerable to cold. (rC-)
You float through the air rather than walking.
You learn spells naturally, not from books.
Your magical power is your life essence.
You have superior vitality. (+4 MHP)


Message History

* * * LOW HITPOINT WARNING * * *
The hound bites you.
* * * LOW HITPOINT WARNING * * *
You miss the hound.
The hound is lightly wounded.
The hound bites you.
* * * LOW HITPOINT WARNING * * *
The hound bites you but does no damage.
You miss the hound.
The hound is lightly wounded.
The hound bites you.
* * * LOW HITPOINT WARNING * * *
You closely miss the hound.
The hound is lightly wounded.
The hound bites you but does no damage. The hound barely misses you.
Unknown command.
It was a potion of heal wounds.
You feel much better. The hound bites you but does no damage.
The hound barely misses you.
You closely miss the hound.
The hound is lightly wounded.
The hound barely misses you. The hound bites you.
You slash the hound!
The hound is devoured by a tear in reality.
Found 14 gold pieces.
Found a pair of gloves.
An ice beast comes into view.
Found a stone staircase leading up.
You see here 14 gold pieces.
You now have 124 gold pieces (gained 14).
You see here a +0 pair of gloves.
i - a +0 pair of gloves You barely miss the ice beast.
The ice beast completely misses you.
You hit the ice beast.
Space warps horribly around the ice beast!
The ice beast is heavily wounded.
The ice beast hits you. The ice beast freezes you!
You feel a terrible chill!
You barely miss the ice beast.
The ice beast is heavily wounded.
The ice beast hits you. The ice beast freezes you!!
You feel a terrible chill!
You die...

##. ...# ....... ###...
..<. ...#.. .....# ....
...#.# #..... ...
#....#####.....## ..#
#......#........##.##.##
#..........# #..#Y.....#
.........# ###.@#
.........# #....#
...#.....####....#
.###...........#...#
..###.>......###..##
..###......### ####
....##.##### ...#####
...#


You could see an ice beast.

Vanquished Creatures
  A water moccasin (D:4)
  A necrophage (D:3)
  A water moccasin skeleton (D:4)
  Terence (D:2)
  5 adders
  A dart slug (D:3)
  11 orcs
  6 bats
  5 endoplasms
  5 giant cockroaches
  8 goblins
  2 hobgoblins
  7 jackals
  4 quokkas
  3 ball pythons
  7 frilled lizards
  4 kobolds
  2 rats (D:1)
74 creatures vanquished.

Notes
Turn   | Place    | Note
-------+----------+-------------------------------------------
     0 | D:1      | Shayle the Djinni Warper began the quest for the Orb.
     0 | D:1      | Reached XP level 1. HP: 18/18 MP: 0/0
   126 | D:1      | Reached XP level 2. HP: 4/23 MP: 0/0
   721 | D:1      | Found a faded altar of an unknown god.
  1425 | D:1      | Reached skill level 1 in Stealth
  1755 | D:2      | Reached XP level 3. HP: 18/29 MP: 0/0
  1755 | D:2      | Learned a level 1 spell: Animate Skeleton
  2096 | D:2      | Reached XP level 4. HP: 34/34 MP: 0/0
  2328 | D:2      | Noticed Terence
  2335 | D:2      | Killed Terence
  2743 | D:3      | Noticed a necrophage
  2756 | D:3      | Killed a necrophage
  2757 | D:3      | Reached XP level 5. HP: 25/40 MP: 0/0
  2757 | D:3      | Learned a level 2 spell: Wereblood
  2940 | D:3      | Reached XP level 6. HP: 40/46 MP: 0/0
  3116 | D:3      | Found a glowing silver altar of Zin.
  3761 | D:4      | Noticed a water moccasin
  3853 | D:4      | Killed a water moccasin
  3854 | D:4      | Reached XP level 7. HP: 12/53 MP: 0/0
  3854 | D:4      | Learned a level 3 spell: Stone Arrow
  3917 | D:4      | Slain by an ice beast

Illustrated notes

Levels and vault maps discovered:
D:1:      lemuel_arrival_muddy, layout_basic,
          shapermc_ecumenical_altar_rom_forum
D:2:      minmay_general_purpose_star, layout_loops_ring,
          wander_ebering_terrifying_dragon_lair, uniq_terence
D:3:      layout_loops_ring, nicolae_overflow_crystal_walls, wad_rectangle_vault
D:4:      layout_cave_pools, cheibrodos_sewer_entry_drain,
          minmay_misc_feat_four_crosses

Skill      XL: |  1  2  3  4  5  6 |
---------------+-------------------+-----
Stealth        | 1 2 3 |  3.4
Fighting       | 3 4 |  4.4
Unarmed Combat | 3 4 |  4.3
Throwing       | |  0.7
Armour         | |  1.0
Dodging        | |  2.1
Spellcasting   | |  2.4

Action                   |  1- 3 |  4- 6 |  7- 9 || total
-------------------------+-------+-------+-------++-------
Melee: Unarmed           |    67 |       |       ||    67
       Punch             |     1 |     1 |       ||     2
       Hand axe          |    23 |   102 |    10 ||   135
Throw: Boomerang         |     5 |       |       ||     5
  Use: Scroll            |     1 |       |       ||     1
       Potion            |       |       |     1 ||     1
 Stab: Sleeping          |     1 |     2 |       ||     3
Armor: Leather armour    |    29 |    45 |     5 ||    79
Dodge: Dodged            |    72 |    76 |     4 ||   152

Table legend: (Time is in decaauts)
 A = Elapsed time spent in this place.
 B = Non-inter-level travel time spent in this place.
 C = Inter-level travel time spent in this place.
 D = Time resting spent in this place.
 E = Time spent auto-exploring this place.
 F = Levels seen in this place.
 G = Mean time per level.
                   A        B        C        D        E       F      G
               +--------+--------+--------+--------+--------+-----+--------+
         Total |   3955 |   3824 |    131 |    563 |   2514 |   4 |  988.8 |
       Dungeon |   3955 |   3824 |    131 |    563 |   2514 |   4 |  988.8 |
               +--------+--------+--------+--------+--------+-----+--------+

Top non-repeatable levels by time:
     D:1: 1533 daAuts
     D:3: 1157 daAuts
     D:2: 1068 daAuts
     D:4: 196 daAuts
